 Dungeon Crawl Stone Soup version 0.19.4-8-ga85b6b9 (webtiles) character file.

450 Naow the Chopper (level 7, -9/52 HPs)
             Began as a Formicid Fighter on Feb 14, 2017.
             Mangled by an ogre
             ... wielding a +0 giant club
              (19 damage)
             ... on level 4 of the Dungeon.
             The game lasted 00:03:59 (3036 turns).

Naow the Chopper (Formicid Fighter)                 Turns: 3036, Time: 00:04:00

Health: -9/52      AC:  6    Str: 23    XL:     7   Next: 25%
Magic:  7/7        EV:  8    Int:  7    God:
Gold:   66         SH: 10    Dex: 10    Spells: 0 memorised, 6 levels left

rFire  . . .     SeeInvis +     a - +0 war axe
rCold  . . .     Gourm    .     b - +0 scale mail
rNeg   . . .     Faith    .     c - +0 shield
rPois  .         Spirit   .     (helmet unavailable)
rElec  .         Reflect  .     (no cloak)
rCorr  .         Harm     .     (no gloves)
MR     .....                    (no boots)
Stlth  ..........               (no amulet)
                                (no ring)
                                (no ring)

@: no status effects
A: permanent stasis, dig shafts and tunnels, four strong arms, antennae 3
a: Dig, Shaft Self


You were on level 4 of the Dungeon.
You were hungry.

You visited 1 branch of the dungeon, and saw 4 of its levels.

You collected 66 gold pieces.

Inventory:

Hand Weapons
 a - a +0 war axe (weapon)
Armour
 b - a +0 scale mail (worn)
 c - a +0 shield (worn)
Jewellery
 s - a cursed +5 amulet of reflection {unknown}
Wands
 m - a wand of random effects (38/48)
Scrolls
 h - 2 scrolls of identify {unknown}
 j - a scroll of enchant armour {unknown}
 k - a scroll of teleportation {unknown}
 n - 2 scrolls of recharging {unknown}
 o - 2 scrolls of magic mapping {unknown}
 p - a scroll of immolation {unknown}
 t - 2 scrolls of remove curse {unknown}
Potions
 d - a potion of might
 e - 2 potions of lignification {unknown}
 g - a potion of curing
 i - a potion of cure mutation {unknown}
 q - a potion of berserk rage {unknown}
Books
 u - a book of Misfortune

   Spells                             Type                      Level
   a - Confusing Touch                Hexes                        1
   b - Confuse                        Hexes                        3
   c - Gell's Gravitas                Hexes/Translocation          3
   d - Petrify                        Transmutation/Earth          4
   e - Metabolic Englaciation         Hexes/Ice                    5
   f - Yara's Violent Unravelling     Hexes/Transmutation          5
Comestibles
 f - 4 bread rations
 l - 2 meat rations
 r - a fruit


   Skills:
 - Level 3.2 Fighting
 * Level 6.1 Axes
 - Level 3.2 Armour
 + Level 6.0 Shields


You had 6 spell levels left.
You didn't know any spells.

Dungeon Overview and Level Annotations

Branches:
Dungeon (4/15)
 Temple: D:4-7

Altars:
Ashenzari
Gozag
Hepliaklqana
Kikubaaqudgha
Makhleb
Uskayaw
Vehumet
Zin
The Shining One


Innate Abilities, Weirdness & Mutations

You are under a permanent stasis effect.
You can dig through walls and to a lower floor.
Your four strong arms can wield two-handed weapons with a shield.
You have a pair of large antennae on your head. (SInv)


Message History

The ogre is heavily wounded.
The ogre hits you with a giant club!
You are too injured to fight recklessly!
You are too injured to fight recklessly!
You are too injured to fight recklessly!
You are too injured to fight recklessly!
You hit the ogre but do no damage.
The ogre is heavily wounded.
The ogre hits you with a giant club.
You barely miss the ogre.
The ogre is heavily wounded.
The ogre hits you with a giant club!
* * * LOW HITPOINT WARNING * * *
You hit the ogre but do no damage.
The ogre is heavily wounded.
The ogre barely misses you.
You slash the ogre!
The ogre is severely wounded.
The ogre hits you with a giant club!!
You die...

....(..............#
#>..(............###
#.........#......#
#................##
##.##>.###........#
.......#
##..####...#
#...#..#
##..#####..#
..###..# ##[...###.#
#.###..# ####@.# ..
.......# ##O#
.......# ..#
.......##### #..#
##.........## #^#
#...<....... .#
#......>..## #
#.........#
#.........#


You could see an ogre.

Vanquished Creatures
  Sigmund (D:3)
  A hungry ghost (D:3)
  A howler monkey (D:3)
  Natasha (D:3)
  3 adders
  An ooze (D:4)
  2 worms
  A leopard gecko (D:2)
  4 giant cockroaches
  4 goblins
  11 hobgoblins
  3 jackals (D:2)
  A quokka (D:2)
  2 ball pythons
  5 bats
  4 frilled lizards (D:2)
  8 kobolds
  5 rats
58 creatures vanquished.

Notes
Turn   | Place    | Note
-------+----------+-------------------------------------------
     0 | D:1      | Naow the Formicid Fighter began the quest for the Orb.
     0 | D:1      | Reached XP level 1. HP: 18/18 MP: 1/1
   168 | D:1      | Reached XP level 2. HP: 19/24 MP: 2/2
   920 | D:2      | Reached XP level 3. HP: 28/29 MP: 3/3
  1577 | D:2      | Reached XP level 4. HP: 34/35 MP: 4/4
  1925 | D:3      | Noticed Sigmund
  1943 | D:3      | Killed Sigmund
  1943 | D:3      | Reached skill level 5 in Axes
  1943 | D:3      | Reached skill level 5 in Shields
  1943 | D:3      | Reached XP level 5. HP: 26/41 MP: 5/5
  1943 | D:3      | Reached XP level 6. HP: 30/47 MP: 6/6
  2208 | D:3      | Found a radiant altar of Vehumet.
  2211 | D:3      | Found an ancient bone altar of Kikubaaqudgha.
  2211 | D:3      | Found a glowing silver altar of Zin.
  2212 | D:3      | Found a hide-covered altar of Uskayaw.
  2213 | D:3      | Found a burning altar of Makhleb.
  2222 | D:3      | Noticed a hungry ghost
  2273 | D:3      | Killed a hungry ghost
  2273 | D:3      | Reached XP level 7. HP: 23/52 MP: 7/7
  2622 | D:3      | Found an opulent altar of Gozag.
  2696 | D:3      | Noticed Natasha
  2705 | D:3      | Killed Natasha
  2788 | D:3      | Found a hazy altar of Hepliaklqana.
  2788 | D:3      | Found a shattered altar of Ashenzari.
  2788 | D:3      | Found a glowing golden altar of the Shining One.
  3036 | D:4      | Mangled by an ogre

Skill      XL: |  1  2  3  4  5  6  7 |
---------------+----------------------+-----
Shields        | 4 5 6 |  6.0
Axes           | 3 5 6 |  6.1
Fighting       | |  3.2
Armour         | |  3.2

Action                   |  1- 3 |  4- 6 |  7- 9 || total
-------------------------+-------+-------+-------++-------
Melee: War axe           |   147 |    86 |    47 ||   280
  Use: Potion            |     1 |       |       ||     1
  Eat: Chunk             |     2 |     7 |     4 ||    13
       Meat ration       |       |     1 |       ||     1
       Fruit             |       |     1 |       ||     1
       Beef jerky        |       |     1 |       ||     1
Armor: Scale mail        |    68 |    34 |    11 ||   113
Dodge: Dodged            |    58 |    34 |    10 ||   102
Block: Shield            |    96 |    38 |    15 ||   149
